 Dungeon Crawl Stone Soup version 0.21.1-1-g345015fe64 (webtiles) character file.

30 Hibernaculum the Conjurer (level 3, -4/24 HPs)
             Began as a Mummy Conjurer on June 29, 2018.
             Slain by a gnoll
             ... wielding a +0 whip
              (6 damage)
             ... on level 1 of the Dungeon.
             The game lasted 00:02:05 (1450 turns).

Hibernaculum the Conjurer (Mummy Conjurer)          Turns: 1450, Time: 00:02:06

Health: -4/24      AC:  2    Str: 13    XL:     3   Next: 3%
Magic:  6/7        EV: 12    Int: 15    God:
Gold:   7          SH:  0    Dex: 12    Spells: 6/7 levels left

rFire    x . .     SeeInvis .   g - +0 spear
rCold    + . .     Gourm    .   (no shield)
rNeg     + + +     Faith    .   a - +0 robe
rPois    ∞         Spirit   .   (no helmet)
rElec    .         Reflect  .   (no cloak)
rCorr    .         Harm     .   (no gloves)
MR       .....                  (no boots)
Stlth    ++........             (no amulet)
HPRegen  0.08/turn              f - +2 ring of strength
MPRegen  0.10/turn              (no ring)

@: no status effects
A: no food or potions, fire vulnerability, cold resistance 1, negative energy
resistance 3, torment resistance, unbreathing
a: no special abilities


You were on level 1 of the Dungeon.
You were not hungry.

You visited 1 branch of the dungeon, and saw 2 of its levels.

You collected 7 gold pieces.

Inventory:

Hand Weapons
 d - a +0 dagger
 g - a +0 spear (weapon)
Armour
 a - a +0 robe (worn)
Jewellery
 f - a +2 ring of strength (left hand)
Scrolls
 c - 2 scrolls of identify {unknown}
 e - a scroll of amnesia {unknown}
 h - a scroll of immolation {unknown}
 i - a scroll of random uselessness {unknown}
Books
 b - a book of Conjurations

   Spells                             Type                      Level
   a - Magic Dart                     Conjuration                  1
   b - Searing Ray                    Conjuration                  2
   c - Dazzling Spray                 Conjuration/Hexes            3
   d - Fulminant Prism                Conjuration/Hexes            4
   e - Force Lance                    Conjuration/Translocation    4
   f - Iskenderun's Mystic Blast      Conjuration                  4


   Skills:
 - Level 1.5 Dodging
 - Level 1.5 Stealth
 - Level 2.6 Spellcasting
 + Level 4.1 Conjurations


You had 6 spell levels left.
You knew the following spells:

 Your Spells              Type           Power        Failure   Level  Hunger
a - Magic Dart            Conj           ##..         3%          1    N/A

Dungeon Overview and Level Annotations

Branches:
Dungeon (2/15)

Altars:


Innate Abilities, Weirdness & Mutations

You do not eat or drink.
Your flesh is vulnerable to fire.
You are immune to poison.
Your flesh is cold resistant. (rC+)
You are immune to negative energy. (rN+++)
You are immune to unholy pain and torment.
You can survive without breathing.


Message History

The gnoll is lightly wounded.
The gnoll hits you with a whip.
You climb upwards.
There is a stone staircase leading down here.
You hit the gnoll but do no damage.
The gnoll is lightly wounded.
The gnoll barely misses you.
You hit the gnoll.
The gnoll is heavily wounded.
The gnoll hits you with a whip!
* * * LOW HITPOINT WARNING * * *
You hit the gnoll.
The gnoll is almost dead.
The gnoll closely misses you.
You hit the gnoll but do no damage.
The gnoll is almost dead.
The gnoll hits you with a whip.
* * * LOW HITPOINT WARNING * * *
The gnoll hits you with a whip.
You die...

########.....##.# ########.#
#.########## #####.##......)#
######...#.##.#####.#
#......#.#.##.# #.#
#.####...#.##.#####.##### #.#
##.#...#.##........# #.#
#....@..##.##.###.#
######.#####.#.g.#.##.##.# #.#
..........##.........#...###.##
.##.##.##.#####.#####.#####...#
.##.##.##.# #.# ### #.#.#
.##.##.##.# ##'## #...#
..........# ##...## ##...##
....##.##.###.....## ##.#.#.#
...!......##.......## ##....#.#


You could see a gnoll.

Vanquished Creatures
  A gnoll (D:2)
  5 bats (D:1)
  A giant cockroach (D:1)
  A goblin (D:1)
  5 hobgoblins
  2 frilled lizards
  A kobold (D:1)
  5 rats (D:1)
21 creatures vanquished.

Notes
Turn   | Place    | Note
-------+----------+-------------------------------------------
     0 | D:1      | Hibernaculum the Mummy Conjurer began the quest for the Orb.
     0 | D:1      | Reached XP level 1. HP: 13/13 MP: 4/4
   340 | D:1      | Reached XP level 2. HP: 8/19 MP: 5/5
  1380 | D:2      | Reached skill level 4 in Conjurations
  1380 | D:2      | Reached XP level 3. HP: 9/24 MP: 7/7
  1450 | D:1      | Slain by a gnoll

Skill      XL: |  1  2 |
---------------+-------+-----
Conjurations   | 4 |  4.1
Dodging        | |  1.5
Stealth        | |  1.5
Spellcasting   | |  2.6

Action                   || total
-------------------------++-------
Melee: Spear             ||    70
       Dagger            ||    11
 Cast: Magic Dart        ||     4
 Stab: Sleeping          ||     3
Armor: Robe              ||    16
Dodge: Dodged            ||    54
